 Dungeon Sprint DCSS version 0.30-a0-359-gd0147acb1a (webtiles) character file.

Game seed: 162847463657307586

2 rocky1 the Slasher (level 1, -5/16 HPs)
             Began as a Demonspawn Gladiator on Nov 12, 2022.
             Slain by a wolf (7 damage)
             ... in the Dungeon (Sprint III: "The Ten Rune Challenge").
             The game lasted 00:00:51 (53 turns).

rocky1 the Slasher (Demonspawn Gladiator)             Turns: 53, Time: 00:00:51

Health: -5/16      AC:  4    Str: 14    XL:     1   Next: 33%
Magic:  1/1        EV: 12    Int:  9    God:
Gold:   0          SH:  0    Dex: 14    Spells: 0/0 levels left

rFire   . . .      SeeInvis .    a - +0 long sword
rCold   . . .      Faith    .    (no shield)
rNeg    . . .      Spirit   .    b - +0 leather armour
rPois   .          Reflect  .    c - +0 helmet
rElec   .          Harm     .    (no cloak)
rCorr   .          Rampage  .    (no gloves)
Will    .....      NoTele   +    (no boots)
Stlth   +.........               (no amulet)
HPRegen 0.22/turn                (no ring)
MPRegen 0.07/turn                (no ring)

@: no status effects
A: no striking features
a: no special abilities


You were in the Dungeon.
You visited 1 branch

Inventory:

Hand Weapons
 a - a +0 long sword (weapon)
Missiles
 e - a javelin (quivered)
Armour
 b - a +0 leather armour (worn)
 c - a +0 helmet (worn)
Scrolls
 k - a scroll of blinking
Potions
 f - a potion of curing
 h - 2 potions of haste
 i - 2 potions of magic
 j - a potion of berserk rage


   Skills:
 + Level 2.2 Fighting
 + Level 3.1 Long Blades
 + Level 1.9 Throwing
 + Level 3.1 Dodging


You couldn't memorise any spells.
You didn't know any spells.
Your spell library was empty.

Dungeon Overview and Level Annotations

Branches:
Dungeon (1/1)

Altars:


Message History

Ouch! That really hurt!
You completely miss the wolf. The wolf bites you but does no damage.
The wolf barely misses you.
Throw: throwing net
Press: ? - help, Q - select action, (/) - cycle Shift-Dir - straight line, f/p - wolf
Aim: a wolf (40% to hit)
You throw a throwing net. The throwing net hits the wolf.
The wolf is caught in the net!
The wolf struggles against the net. x2
You hit the wolf.
The wolf is heavily wounded.
The wolf struggles against the net. x2
The net rips apart, and the wolf comes free!
You hit the wolf but do no damage.
The wolf is heavily wounded.
The wolf closely misses you. The wolf barely misses you.
You hit the wolf but do no damage.
The wolf is heavily wounded.
The wolf misses you. The wolf bites you!
Ouch! That really hurt!
* * * LOW HITPOINT WARNING * * *
You hit the wolf but do no damage.
The wolf is heavily wounded.
The wolf misses you. The wolf barely misses you.
You barely miss the wolf.
The wolf is heavily wounded.
The wolf closely misses you. The wolf misses you.
You feel much better.
The wolf bites you but does no damage. x2
You miss the wolf.
The wolf is heavily wounded.
The wolf bites you but does no damage. The wolf bites you.
You closely miss the wolf.
The wolf is heavily wounded.
The wolf bites you. The wolf misses you.
You barely miss the wolf.
The wolf is heavily wounded.
The wolf bites you.
* * * LOW HITPOINT WARNING * * *
The wolf bites you!
You die...

▓▓▓▓ ▓<.#
+(.... ▓..#
#....♣♣
▓#'####.....♣
▓.†...#....~♣♣
▓.....#...~~.♣
▓....(#..~~~~♣.
▓####'#h.~≈≈~~~
▓....†#@~~≈~~~.
▓.....#.~≈~~~..
▓.....#.~~~....
▓'#####........
▓..............
▓▓▓▓▓▓▓▓▓▓▓▓▓▓▓


You could see a wolf.

Vanquished Creatures
  4 rats (D)
4 creatures vanquished.

Notes
Turn   | Place    | Note
-------+----------+-------------------------------------------
     0 | D        | rocky1 the Demonspawn Gladiator began the quest for the
                  | Orb.
     0 | D        | Reached XP level 1. HP: 16/16 MP: 1/1
    35 | D        | Noticed a wolf
    53 | D        | Slain by a wolf

Illustrated notes

Levels and vault maps discovered:
D:        dungeon_sprint_mu [sprint_mu_entry_forest, sprint_mu_temple_rooms,
          sprint_mu_d1_spiders, sprint_mu_d2_genie, sprint_mu_d3_branching,
          sprint_mu_orc_legion, sprint_mu_elf_gauntlet, sprint_mu_hive_nellie,
          sprint_mu_lair_fedhas, sprint_mu_vaults_butterflies,
          sprint_mu_slime_circle, sprint_mu_shoals_archi,
          sprint_mu_snake_twists, sprint_mu_blade_basic, sprint_mu_crypt_lich,
          sprint_mu_tomb_spiral, sprint_mu_vestibule_basic,
          sprint_mu_gehenna_hellfire, sprint_mu_dis_giant,
          sprint_mu_tartarus_statrot, sprint_mu_cocytus_islands, sprint_mu_zot1]

Skill      XL: |  1 |
---------------+----+-----
Long Blades    | 3 |  3.1
Dodging        | 3 |  3.1
Fighting       | |  2.2
Throwing       | |  1.9

Action                   || total
-------------------------++-------
Melee: Long sword        ||    18
Throw: Throwing net      ||     3
  Use: Potion            ||     1
 Stab: Held in net/web   ||     1
Armor: Leather armour    ||     8
Dodge: Dodged            ||    15

Table legend: (Time is in decaauts)
 A = Elapsed time spent in this place.
 B = Non-inter-level travel time spent in this place.
 C = Inter-level travel time spent in this place.
 D = Time resting spent in this place.
 E = Time spent auto-exploring this place.
 F = Levels seen in this place.
 G = Mean time per level.
                   A        B        C        D        E       F      G
               +--------+--------+--------+--------+--------+-----+--------+
         Total |     56 |     56 |      0 |      0 |      0 |   1 |   56.0 |
       Dungeon |     56 |     56 |      0 |      0 |      0 |   1 |   56.0 |
               +--------+--------+--------+--------+--------+-----+--------+

Top non-repeatable levels by time:
       D: 56 daAuts
